 Dungeon Crawl Stone Soup version 0.22-a0-348-gd16d139 (webtiles) character file.

5273 torrenera the Covert (level 10, -7/63 HPs)
             Began as an Octopode Fighter on Apr 6, 2018.
             Was a Believer of Dithmenos.
             Killed from afar by Arthanis's ghost (23 damage)
             ... with a fireball
             ... on level 9 of the Dungeon on Apr 7, 2018.
             The game lasted 00:26:28 (8958 turns).

torrenera the Covert (Octopode Fighter)             Turns: 8958, Time: 00:26:29

Health: -7/63      AC:  8    Str: 17    XL:     10   Next: 63%
Magic:  10/10      EV: 12    Int: 12    God:    Dithmenos [**....]
Gold:   247        SH:  9    Dex: 12    Spells: 9/9 levels left

rFire    . . .     SeeInvis .   C - +0 rapier (protect)
rCold    . . .     Gourm    .   b - +0 shield
rNeg     . . .     Faith    .   (helmet restricted)
rPois    .         Spirit   .   (no amulet)
rElec    .         Reflect  .   (no ring)
rCorr    .         Harm     .   (no ring)
MR       .....                  (no ring)
Stlth    +++++++...             (no ring)
HPRegen  0.20/turn              (no ring)
MPRegen  0.12/turn              (no ring)
                                (no ring)
                                (no ring)

@: protection aura, wreathed by umbra
A: almost no armour, stealthy swim, amphibious, 8 rings, constrict 8, camouflage
1, gelatinous body 1
a: Shadow Step, Renounce Religion


You were on level 9 of the Dungeon.
You worshipped Dithmenos.
Dithmenos was pleased with you.
You were not hungry.

You visited 2 branches of the dungeon, and saw 10 of its levels.

You collected 342 gold pieces.
You spent 95 gold pieces at shops.

Inventory:

Hand Weapons
 i - a +0 whip of venom
 y - a +0 shortbow
 C - a +0 rapier of protection (weapon)
Missiles
 f - 405 stones (quivered)
 B - 95 arrows
 I - 8 needles of sleeping
 L - 2 javelins
Armour
 b - a +0 shield (worn)
 n - a +0 large shield
Magical Staves
 E - an uncursed staff of wizardry
Jewellery
 h - an uncursed ring of fire
 k - a +4 amulet of reflection {unknown}
 s - a +4 amulet of reflection {unknown}
Wands
 o - a wand of enslavement (21)
 G - a wand of paralysis (12)
Scrolls
 e - 7 scrolls of teleportation
 j - a scroll of random uselessness {unknown}
 l - 4 scrolls of remove curse
 m - a scroll of fear {unknown}
 p - a scroll of amnesia {unknown}
 t - a scroll of enchant weapon {unknown}
 v - a scroll of magic mapping {unknown}
 D - a scroll of blinking {unknown}
 H - a scroll of holy word {unknown}
Potions
 a - a potion of degeneration {unknown}
 c - 2 potions of might
 g - a potion of heal wounds
 r - 2 potions of magic
 u - 2 potions of brilliance
 w - a potion of cancellation
 z - 2 potions of flight {unknown}
 F - 3 potions of curing
 J - 2 potions of mutation
Comestibles
 d - 22 rations


   Skills:
 * Level 3.2 Fighting
 - Level 12.2 Short Blades
 * Level 3.2 Dodging
 + Level 12.5 Stealth
 - Level 3.0 Shields


You had 9 spell levels left.
You didn't know any spells.

Dungeon Overview and Level Annotations

Branches:
Dungeon (9/15)             Temple (1/1) D:5
   Lair: D:8-11         Orc: D:9-12

Altars:
Ashenzari
Cheibriados
Dithmenos
Elyvilon
Fedhas
Gozag
Hepliaklqana
Kikubaaqudgha
Makhleb
Nemelex Xobeh
Okawaru
Qazlal
Ru
Sif Muna
Vehumet
Wu Jian
Xom
Yredelemnul
Zin
The Shining One

Shops:
D:4 (   D:5 *   D:6 =

Annotations:
D:3 Qupu's ghost, amateur TrMo
D:9 Arthanis's ghost, novice DEFE


Innate Abilities, Weirdness & Mutations

You cannot wear most types of armour.
You are very stealthy in the water. (Stealth+)
You are amphibious.
You can wear up to eight rings at the same time.
You can use your tentacles to constrict eight enemies at once.
Your skin changes colour to match your surroundings (Stealth+).
Your rubbery body absorbs attacks. (AC +1, EV +1)


Message History

Arthanis's ghost (novice Deep Elf Fire Elementalist) comes into view.
It is wielding a weapon of venom.
Arthanis's ghost turns its malevolent gaze towards you.
The two-headed ogre shouts in stereo!
The two-headed ogre barely misses you.
The two-headed ogre hits you with a giant club!
You hit the two-headed ogre.
Your weapon exudes an aura of protection.
You squeeze the two-headed ogre!
The two-headed ogre is moderately wounded.
You hit the two-headed ogre.
Your squeeze misses the two-headed ogre.
The two-headed ogre is moderately wounded.
The two-headed ogre hits you with a dire flail!!
The two-headed ogre hits you with a giant club!
* * * LOW HITPOINT WARNING * * *
You hit the two-headed ogre.
The two-headed ogre is heavily wounded.
Arthanis's ghost points at you and mumbles some strange words.
The fireball explodes!
The fireball engulfs you!
You die...

####### #######.....##
### #........#...# #..
#.......###... #####..
#............. .......
#.....#...).#. .......
#....##.._..##
.......#####.....#)))..#.
........@.........)......
........##'##..#..)###...
+#..W!O.#...'..##...#....
#......#...#..###.......
.'......#...#..#########.
.#...>..#####............
#.......................
.........................
#############............


You could see a two-headed ogre and Arthanis's ghost.

Vanquished Creatures
  2 two-headed ogres (D:8)
  A hippogriff (D:9)
  2 orc warriors (D:7)
  A spriggan (D:7)
  2 sky beasts
  4 ogres
  An eye of draining (D:8)
  A phantom (D:8)
  4 necrophages
  3 centaurs
  A big kobold (D:9)
  2 bullfrogs
  2 scorpions
  3 wights (D:8)
  2 howler monkeys (D:8)
  3 centaur zombies
  14 crimson imps
  A centaur skeleton (D:4)
  An orc priest (D:6)
  A bullfrog skeleton (D:5)
  3 hounds
  A jelly (D:8)
  8 worker ants
  2 iguanas
  2 killer bee zombies (D:8)
  2 worker ant zombies (D:8)
  11 adders
  A shadow imp (D:9)
  An adder zombie (D:8)
  An adder skeleton (D:4)
  2 worms
  6 leopard geckos
  13 orcs
  3 ball pythons
  3 giant cockroaches
  5 goblins
  3 hobgoblins
  11 jackals
  14 kobolds
  3 quokkas
  2 bats (D:2)
  A frilled lizard (D:3)
  4 rats (D:1)
153 creatures vanquished.

Vanquished Creatures (collateral kills)
  An orc wizard (D:7)
  3 orcs
4 creatures vanquished.

Vanquished Creatures (others)
  A bullfrog (D:8)
  A hound (D:8)
  An orc wizard (D:7)
  A withered plant (D:8)
4 creatures vanquished.

Grand Total: 161 creatures vanquished

Notes
Turn   | Place    | Note
-------+----------+-------------------------------------------
     0 | D:1      | torrenera the Octopode Fighter began the quest for the Orb.
     0 | D:1      | Reached XP level 1. HP: 16/16 MP: 1/1
    99 | D:1      | Reached skill level 1 in Stealth
   235 | D:1      | Reached XP level 2. HP: 20/21 MP: 2/2
   816 | D:2      | Reached XP level 3. HP: 26/26 MP: 3/3
  1386 | D:3      | Reached XP level 4. HP: 31/31 MP: 4/4
  1399 | D:3      | Noticed Qupu's ghost (amateur TrMo)
  1458 | D:3      | Found a shattered altar of Ashenzari.
  1827 | D:4      | Reached XP level 5. HP: 31/36 MP: 5/5
  2077 | D:4      | Noticed a necrophage
  2127 | D:4      | Killed a necrophage
  2127 | D:4      | Reached skill level 5 in Stealth
  2369 | D:4      | Reached XP level 6. HP: 40/40 MP: 6/6
  2391 | D:4      | Found Ijizotock's Weapon Shop.
  2447 | D:4      | Upgraded the game from 0.22-a0-346-ga714374 to 0.22-a0-348-gd16d139
  2734 | D:4      | Reached skill level 5 in Short Blades
  2779 | D:5      | Entered Level 5 of the Dungeon
  2964 | D:5      | Found Nuheroet's General Store.
  2989 | D:5      | Reached XP level 7. HP: 44/44 MP: 7/7
  2998 | D:5      | Bought a +0 rapier of protection for 95 gold pieces
  3864 | D:5      | Found a staircase to the Ecumenical Temple.
  4558 | D:6      | Found Cereihec's Jewellery Emporium.
  4696 | D:6      | Reached XP level 8. HP: 50/50 MP: 8/8
  5404 | D:7      | HP: 2/50 [orc/mace (2)]
  5943 | D:7      | Noticed a spriggan baker
  5945 | D:7      | Killed a spriggan baker
  5945 | D:7      | Reached XP level 9. HP: 56/56 MP: 9/9
  5957 | D:7      | Found a blossoming altar of Fedhas.
  6243 | Temple   | Entered the Ecumenical Temple
  6362 | Temple   | Became a worshipper of Dithmenos the Shadowed
  6461 | D:8      | Reached skill level 10 in Stealth
  6531 | D:8      | Noticed a two-headed ogre
  6535 | D:8      | Noticed a two-headed ogre
  6550 | D:8      | Killed a two-headed ogre
  6550 | D:8      | Reached skill level 10 in Short Blades
  6580 | D:8      | Killed a two-headed ogre
  6580 | D:8      | Reached XP level 10. HP: 28/63 MP: 10/10
  6818 | D:8      | Found a hazy altar of Hepliaklqana.
  7115 | D:7      | Reached * piety under Dithmenos
  7441 | D:8      | Found an ancient bone altar of Kikubaaqudgha.
  7567 | D:8      | Noticed a brown ugly thing
  7943 | D:8      | Found a stormy altar of Qazlal.
  8655 | D:9      | Found an iron altar of Okawaru.
  8672 | D:9      | Reached ** piety under Dithmenos
  8885 | D:9      | Noticed a two-headed ogre
  8954 | D:9      | Noticed Arthanis's ghost (novice DEFE)
  8958 | D:9      | Killed from afar by Arthanis's ghost

Vault maps used:
D:1:      eino_arrival_cavern_a
D:2:      kennysheep_minor_cross
D:3:      cheibrodos_helix_gallery, nicolae_overflow_crystal_walls, first_ration
D:4:      serial_shops, shop, st_stairs_4, corexii_item_surrounded_by_moat
D:5:      temple_pool_b, serial_shops, shop
D:6:      serial_shops, shop
D:7:      lemuel_coloured_pillars_altar, the_bakery,
          hangedman_decor_peaks_small, minmay_nine_imps
D:8:      kennysheep_little_box, marbit_many_paths, lemuel_crystal_altar,
          serial_undead, serial_undead_e, serial_undead_b, serial_undead_f,
          serial_undead_c, serial_undead_e, serial_undead_b, serial_undead_e,
          serial_undead_a, st_stairs_10, minmay_ruined_shrine
D:9:      minmay_imperfect_grid, okawaru_ov_weapons_minmay,
          lightli_temple_of_fire, serial_glass, glass_columns_c, glass_columns_c
Temple:   regret_index_temple_waves

Skill      XL: |  1  2  3  4  5  6  7  8  9 10 |
---------------+-------------------------------+-----
Stealth        | 1 2 3 4 5 6 7 9 11 12 | 12.5
Short Blades   | 3 4 5 7 9 11 12 | 12.2
Fighting       | |  3.2
Dodging        | |  3.2
Shields        | |  3.0

Action                   |  1- 3 |  4- 6 |  7- 9 | 10-12 || total
-------------------------+-------+-------+-------+-------++-------
Melee: Rapier            |    58 |    76 |   140 |   195 ||   469
       Constrict         |    12 |    16 |    27 |    23 ||    78
       Tentacles         |     6 |    11 |    28 |    42 ||    87
Throw: Stone             |       |     5 |     8 |    36 ||    49
       Javelin           |       |       |    11 |     2 ||    13
       Tomahawk          |       |       |       |    26 ||    26
Evoke: Wand              |       |       |    12 |     4 ||    16
  Use: Potion            |       |       |     4 |     2 ||     6
       Scroll            |       |       |     7 |     2 ||     9
 Stab: Sleeping          |     8 |    11 |     8 |       ||    27
       Distracted        |       |     1 |       |     1 ||     2
       Paralysed         |       |       |     3 |       ||     3
  Eat: Chunk             |     1 |     5 |     8 |     4 ||    18
       Ration            |       |       |     1 |     1 ||     2
Armor: Skin              |     5 |     4 |    19 |    81 ||   109
Dodge: Dodged            |    36 |    24 |    36 |    59 ||   155
Block: Shield            |    26 |    26 |    37 |    99 ||   188

Table legend:
 A = Spawn XP
 B = Non-spawn XP
 C = Spawn XP percentage of total XP
 D = Spawn monster count
 E = Non-spawn monster count
 F = Spawn count percentage of total count
 G = Total turns spent on level
                    A         B        C        D         E        F      G
               +---------+---------+-------+---------+---------+-------+---------
         Total |       0 |    7533 |   0.0 |       0 |     159 |   0.0 |  8958
               +---------+---------+-------+---------+---------+-------+---------
           D:1 |       0 |      25 |   0.0 |       0 |      16 |   0.0 |   721
           D:2 |       0 |      44 |   0.0 |       0 |       7 |   0.0 |   452
           D:3 |       0 |      70 |   0.0 |       0 |      13 |   0.0 |   459
           D:4 |       0 |     306 |   0.0 |       0 |      17 |   0.0 |  1147
           D:5 |       0 |     400 |   0.0 |       0 |      14 |   0.0 |  1486
           D:6 |       0 |     466 |   0.0 |       0 |      13 |   0.0 |   931
           D:7 |       0 |    1536 |   0.0 |       0 |      26 |   0.0 |  1464
           D:8 |       0 |    3641 |   0.0 |       0 |      38 |   0.0 |  1270
           D:9 |       0 |    1045 |   0.0 |       0 |      15 |   0.0 |   901
               +---------+---------+-------+---------+---------+-------+---------
